 Dungeon Crawl Stone Soup version 0.21.1-1-g345015f (webtiles) character file.

45 inc the Scratcher (level 3, 0/14 HPs)
             Began as a Felid Ice Elementalist on Mar 7, 2018.
             Slain by a jackal (2 damage)
             ... on level 2 of the Dungeon.
             The game lasted 00:01:52 (1254 turns).

inc the Scratcher (Felid Ice Elementalist)          Turns: 1254, Time: 00:01:52

Health: 0/14       AC:  1    Str:  9    XL:     3   Next: 42%
Magic:  1/7        EV: 18    Int: 17    God:
Gold:   21         SH:  0    Dex: 16    Spells: 5/6 levels left
                                        Lives:  0   Deaths: 0

rFire    . . .     SeeInvis +     - Unarmed
rCold    . . .     Gourm    .   (shield unavailable)
rNeg     . . .     Faith    .   (armour unavailable)
rPois    .         Spirit   .   (helmet unavailable)
rElec    .         Reflect  .   (cloak unavailable)
rCorr    .         Harm     .   (gloves unavailable)
MR       .....                  (boots unavailable)
Stlth    +++.......             (no amulet)
HPRegen  0.04/turn              (no ring)
MPRegen  0.10/turn              (no ring)

@: mighty, quick
A: very small, no armour, no weapons or thrown items, stealth, claws 1, fangs 3,
see invisible, carnivore, speed 1, shaggy fur 1, slow metabolism 1, sharp paws
a: no special abilities


You were on level 2 of the Dungeon.
You were not hungry.

You visited 1 branch of the dungeon, and saw 2 of its levels.

You collected 21 gold pieces.

Inventory:

Scrolls
 c - 3 scrolls of remove curse {unknown}
Books
 a - a book of Frost

   Spells                             Type                      Level
   a - Freeze                         Ice                          1
   b - Throw Frost                    Conjuration/Ice              2
   c - Ozocubu's Armour               Charms/Ice                   3
   d - Throw Icicle                   Conjuration/Ice              4
   e - Summon Ice Beast               Ice/Summoning                4
Comestibles
 b - a ration


   Skills:
 - Level 2.6 Dodging
 - Level 2.6 Stealth
 + Level 3.1 Unarmed Combat
 - Level 2.0 Spellcasting
   Level 0.8 Conjurations
 - Level 2.6 Ice Magic


You had 5 spell levels left.
You knew the following spells:

 Your Spells              Type           Power        Failure   Level  Hunger
a - Freeze                Ice            ##..         6%          1    #......


Dungeon Overview and Level Annotations

Branches:
Dungeon (2/15)

Altars:


Innate Abilities, Weirdness & Mutations

You cannot wear armour.
You are incapable of wielding weapons or throwing items.
Your paws allow you to move quietly. (Stealth)
You have sharp claws.
You have razor-sharp teeth.
You have supernaturally acute eyesight. (SInv)
You are carnivorous and can eat meat at any time.
You cover ground quickly.
You are covered in fur. (AC +1)
You have a slow metabolism.
Your sharp claws are effective at attacking unaware monsters.


Message History

You scratch the frilled lizard.
You kill the frilled lizard!
The jackal closely misses you.
The jackal bites you but does no damage.
Things that are here:
a fizzy sapphire potion; a frilled lizard corpse It was a potion of might.
You feel very mighty all of a sudden. The jackal completely misses you.
You claw the jackal!
You kill the jackal!
You claw the goblin!
You kill the goblin!
You miss the jackal.
The jackal is heavily wounded.
The jackal closely misses you.
You closely miss the jackal. Your bite misses the jackal.
The jackal is heavily wounded.
The jackal bites you.
You die...

.. .........# #.# #.
..###.......###.# #...
.......#..#..##.###...#
..#!......).....†..#
#..#......>.....####### #.
#.#..#......l#........
.#.##......##.?hg.........
.........####†.###........
.#.#.........<.†@hl.......
...#..........†..>........
.....................$....
..........†..............[
..........##......(.......
###..!...................
≈..≈≈.....................
≈.≈..≈..(................
≈≈≈≈≈≈..............#


You could see a jackal and a frilled lizard.

Vanquished Creatures
  An adder (D:2)
  A leopard gecko (D:2)
  2 giant cockroaches
  4 goblins
  8 hobgoblins
  3 jackals (D:2)
  2 kobolds (D:1)
  A quokka (D:2)
  2 bats (D:1)
  4 frilled lizards
  4 rats (D:1)
32 creatures vanquished.

Notes
Turn   | Place    | Note
-------+----------+-------------------------------------------
     0 | D:1      | inc the Felid Ice Elementalist began the quest for the Orb.
     0 | D:1      | Reached XP level 1. HP: 7/7 MP: 4/4
    43 | D:1      | Reached skill level 1 in Unarmed Combat
   232 | D:1      | Reached XP level 2. HP: 11/11 MP: 6/6
   391 | D:1      | Reached skill level 2 in Unarmed Combat
  1114 | D:2      | Reached XP level 3. HP: 14/14 MP: 3/7
  1167 | D:2      | Reached skill level 3 in Unarmed Combat
  1220 | D:2      | Found a faded altar of an unknown god.
  1254 | D:2      | Slain by a jackal

Skill      XL: |  1  2  3 |
---------------+----------+-----
Unarmed Combat | 1 2 3 |  3.1
Dodging        | |  2.6
Stealth        | |  2.6
Spellcasting   | |  2.0
Conjurations   | |  0.8
Ice Magic      | |  2.6

Action                   || total
-------------------------++-------
Melee: Unarmed           ||    18
 Cast: Freeze            ||    45
  Use: Potion            ||     1
 Stab: Sleeping          ||     4
Armor: Skin              ||     2
Dodge: Dodged            ||    47
